 Dungeon Crawl Stone Soup version 0.25.1-2-g60ff931df9 (webtiles) character file.

Game seed: 3691691243937989852

328 MajorAdolf the Covert (level 6, 0/52 HPs)
             Began as a Naga Wanderer on Oct 7, 2020.
             Was an Initiate of Gozag.
             Slain by a sky beast (6 damage)
             ... on level 4 of the Dungeon.
             The game lasted 00:06:05 (4001 turns).

MajorAdolf the Covert (Naga Wanderer)               Turns: 4001, Time: 00:06:05

Health: 0/52       AC:  7    Str: 15    XL:     6   Next: 50%
Magic:  6/6        EV:  8    Int: 14    God:    Gozag
Gold:   314        SH:  8    Dex: 10    Spells: 5/5 levels left

rFire    . . .     SeeInvis +   a - +2 dagger
rCold    + . .     Gourm    .   t - +0 kite shield
rNeg     . . .     Faith    .   e - +0 robe
rPois    +         Spirit   .   (no helmet)
rElec    .         Reflect  .   A - +0 cloak
rCorr    .         Harm     .   g - +2 pair of gloves
MR       .....                  (no barding)
Stlth    ++++......             (no amulet)
HPRegen  0.17/turn              n - ring of protection from cold
MPRegen  0.10/turn              p - ring of flight

@: very slow
A: large, see invisible, deformed body, poison resistance, slowness 2, slow
metabolism 1, spit poison 1, AC +2
a: Spit Poison, Potion Petition, Call Merchant, Bribe Branch, Renounce Religion,
Evoke Flight


You were on level 4 of the Dungeon.
You worshipped Gozag.
Gozag was aware of your devotion.
You were not hungry.

You visited 1 branch of the dungeon, and saw 5 of its levels.

You collected 338 gold pieces.
You paid 24 gold pieces to Gozag.

Inventory:

Hand Weapons
 a - a +2 dagger (weapon)
 c - a +0 spear
Missiles
 j - a boomerang
 y - 9 poisoned darts (quivered)
Armour
 e - a +0 robe (worn)
 g - a +2 pair of gloves (worn)
 t - a +0 kite shield (worn)
 A - a +0 cloak (worn)
Jewellery
 n - a ring of protection from cold (left hand)
 p - a ring of flight (right hand)
 z - an uncursed ring of see invisible {unknown}
Scrolls
 i - 5 scrolls of identify
 o - 3 scrolls of remove curse {unknown}
 r - a scroll of fear {unknown}
 u - a scroll of fog {unknown}
 x - a scroll of teleportation {unknown}
 B - a scroll of amnesia {unknown}
Potions
 b - 2 potions of haste
 d - 2 potions of curing
 h - 2 potions of ambrosia
 k - a potion of heal wounds {unknown}
 q - a potion of mutation {unknown}
 s - a potion of brilliance {unknown}
 v - 2 potions of magic {unknown}
 w - a potion of stabbing {unknown}
 C - a potion of might {unknown}
Comestibles
 f - 5 rations


   Skills:
 - Level 2.0 Fighting
 - Level 1.0 Short Blades
 - Level 1.5 Dodging
 + Level 10.0 Stealth
 + Level 2.8 Shields
 - Level 1.0 Evocations


You had 5 spell levels left.
You didn't know any spells.
Your spell library was empty.

Dungeon Overview and Level Annotations

Branches:
Dungeon (5/15)
 Temple: D:4-7

Altars:
Ashenzari
Gozag
Kikubaaqudgha
Okawaru
Trog
Xom


Innate Abilities, Weirdness & Mutations

You cannot wear boots.
Your serpentine skin is tough. (AC +2)
You have supernaturally acute eyesight. (SInv)
Armour fits poorly on your strangely shaped body.
Your system is resistant to poisons. (rPois)
You cover ground very slowly.
You have a slow metabolism.
You can spit poison.


Message History

As you read the scroll labeled NIORPH HIPUCUIC, it crumbles to dust.
It is a scroll of identify.
h - 2 potions of ambrosia The shadow imp closely misses you.
The sky beast barely misses you. The orc hits you but does no damage.
As you read the scroll labeled AXASEAPUCAR, it crumbles to dust.
You feel momentarily disoriented.
It was a scroll of magic mapping.
The shadow imp hits you.
* * * LOW HITPOINT WARNING * * *
You block the sky beast's attack. The orc hits you but does no damage.
As you read the scroll labeled ZENOOHOFAI, it crumbles to dust.
You hear a loud clanging noise!
It was a scroll of noise.
The shadow imp laughs crazily.
The shadow imp gestures at you.
You struggle to resist.
The sky beast hits you.
* * * LOW HITPOINT WARNING * * *
The sky beast shocks you.
You die...
Your body crumbles into a pile of gold.

# # ########### # #.........##
# ##########..........# #
#...........#######.# ####
###......####.# ### #.# ...##
###........# #.#######.#
....###...#(...o5# #...+_'...#
.........##....Y@# #.###'###.#
..............#######.# #.# #.#
#.###.................###.###.#
#..............#####..........#
....##.........## ##.###.#.####
....#######..#..###..# #...#
.........≈≈≈≈≈......#####..#
.##..###≈≈...≈≈...........##
..#....#≈...°.≈...###.#####


You could see a sky beast (invisible), a shadow imp and an orc.

Vanquished Creatures
  A scorpion (D:5)
  A howler monkey (D:4)
  An orc wizard (D:4)
  A worker ant (D:5)
  3 gnolls (D:2)
  7 adders
  An ooze (D:5)
  A worm (D:2)
  2 dart slugs (D:1)
  2 leopard geckos
  4 orcs (D:5)
  A ball python (D:1)
  8 bats
  7 giant cockroaches
  8 goblins
  10 hobgoblins
  10 jackals
  A quokka (D:4)
  5 frilled lizards
  8 kobolds
  A quokka zombie (D:5)
  9 rats
92 creatures vanquished.

Vanquished Creatures (others)
  A human (D:3)
  A worker ant (D:4)
  A frilled lizard (D:4)
3 creatures vanquished.

Grand Total: 95 creatures vanquished

Notes
Turn   | Place    | Note
-------+----------+-------------------------------------------
     0 | D:1      | MajorAdolf the Naga Wanderer began the quest for the Orb.
     0 | D:1      | MajorAdolf set off with the following items: a +2 dagger, a
                  | potion of haste, a +0 spear, a potion of curing, a +0 robe,
                  | a ration
     0 | D:1      | Reached XP level 1. HP: 19/19 MP: 1/1
    40 | D:1      | Reached skill level 6 in Stealth
   140 | D:1      | Reached XP level 2. HP: 21/26 MP: 2/2
   243 | D:1      | Reached skill level 7 in Stealth
   432 | D:1      | Reached XP level 3. HP: 4/32 MP: 3/3
  1075 | D:2      | Reached skill level 8 in Stealth
  1214 | D:2      | Reached XP level 4. HP: 32/39 MP: 4/4
  1536 | D:2      | Reached skill level 1 in Shields
  1559 | D:2      | Reached XP level 5. HP: 12/45 MP: 5/5
  1929 | D:2      | Found an opulent altar of Gozag.
  1933 | D:2      | Reached skill level 9 in Stealth
  1992 | D:2      | Became a worshipper of Gozag Ym Sagoz the Greedy
  2454 | D:3      | Found an ancient bone altar of Kikubaaqudgha.
  2454 | D:3      | Noticed a human
  2457 | D:3      | Killed a human
  2598 | D:3      | Found an iron altar of Okawaru.
  2867 | D:4      | Found a shimmering altar of Xom.
  2926 | D:4      | Noticed a phantom
  3410 | D:4      | Found a shattered altar of Ashenzari.
  3567 | D:4      | Found a bloodstained altar of Trog.
  3590 | D:4      | Reached XP level 6. HP: 38/52 MP: 6/6
  3821 | D:5      | Entered Level 5 of the Dungeon
  3956 | D:5      | Noticed a sky beast
  3976 | D:5      | Reached skill level 10 in Stealth
  4001 | D:4      | Slain by a sky beast

Illustrated notes

Levels and vault maps discovered:
D:1:      lemuel_arrival_rhombus, layout_rooms, hangedman_decor_clover_reticule
D:2:      layout_basic, old_standard_altar, interstate_on_off
D:3:      minmay_general_purpose_star, layout_loops_ring,
          kennysheep_okawaru_gauntlet, first_ration, gammafunk_ghost_grave,
          minivault_11, tgw_kikubaaqudgha
D:4:      layout_rooms, lemuel_doored_altar, old_standard_altar,
          xom_confusion_cloud
D:5:      layout_basic, led_sif_pool, fedhas_altar_3, serial_shops,
          nicolae_shop_overgrown_old_shop, uniq_menkaure

Skill      XL: |  1  2  3  4  5  6 |
---------------+-------------------+-----
Stealth        | 6 7 8 9 10 | 10.0
Shields        | 1 2 |  2.8
Fighting       | |  2.0
Short Blades   | |  1.0
Dodging        | |  1.5
Evocations     | |  1.0

Action                   |  1- 3 |  4- 6 || total
-------------------------+-------+-------++-------
Melee: Dagger            |   138 |   233 ||   371
Throw: Boomerang         |     3 |       ||     3
       Dart              |       |     3 ||     3
 Abil: Spit Poison       |     5 |    13 ||    18
  Use: Scroll            |       |     3 ||     3
 Stab: Sleeping          |     5 |    11 ||    16
  Eat: Chunk             |     1 |     2 ||     3
       Ration            |       |     2 ||     2
Armor: Robe              |    82 |    83 ||   165
Dodge: Dodged            |   111 |    70 ||   181
Block: Kite shield       |     3 |    72 ||    75
